 Dungeon Crawl Stone Soup version 0.23.1-37-gaa34b87 (webtiles) character file.

Game seed: 7654350244359817413

32141 Borgoz the Slicer (level 13, -6/112 HPs)
             Began as a Ghoul Monk on Mar 22, 2019.
             Was an Elder of Ashenzari.
             Mangled by a tyrant leech (17 damage)
             ... on level 6 of the Lair of Beasts.
             The game lasted 00:37:36 (18771 turns).

Borgoz the Slicer (Ghoul Monk)                     Turns: 18771, Time: 00:37:37

Health: -6/112     AC: 21    Str: 20    XL:     13   Next: 62%
Magic:  0/12       EV: 15    Int: 12    God:    Ashenzari [****..]
Gold:   915        SH:  0    Dex: 12    Spells: 12/12 levels left

rFire    + . .     SeeInvis +   a - +2 dagger (elec)
rCold    . . .     Gourm    .   (no shield)
rNeg     + + +     Faith    .   V - +3 scale mail {rF+}
rPois    ∞         Spirit   +   E - +0 helmet
rElec    .         Reflect  .   i - +1 cloak (curse)
rCorr    .         Harm     .   B - +1 pair of gloves
MR       +....     Clarity  +   L - +0 pair of boots "Memas" {rC- MR+ Int+4}
Stlth    ++........             c - amulet of guardian spirit
HPRegen  0.00/turn              H - +2 ring of protection
MPRegen  0.13/turn              y - +4 ring of strength

@: rotting, studying Shields
A: rotting body, claws 1, carnivore, cold resistance 1, negative energy
resistance 3, inhibited regeneration, torment resistance, unbreathing
a: Curse Item, Scrying, Renounce Religion


You were on level 6 of the Lair of Beasts.
You worshipped Ashenzari.
Ashenzari was greatly pleased with you.
You were not hungry.

You visited 3 branches of the dungeon, and saw 16 of its levels.
You also visited: Gauntlet.

You collected 915 gold pieces.

Inventory:

Hand Weapons
 a - a +2 dagger of electrocution (weapon)
 b - a +0 blowgun
 s - a +3 dagger of freezing
 t - a +4 quarterstaff of chaos
 v - a +0 rapier of speed
 x - a +0 rapier
 C - a +2 short sword of speed
 N - a +0 dagger of venom
 T - a +2 rapier of venom
Missiles
 e - 17 javelins
 h - a throwing net (quivered)
 w - 18 needles of sleeping
 D - 9 poisoned needles
 R - 7 curare-tipped needles
 U - 18 javelins of returning
Armour
 i - a cursed +1 cloak (worn)
 z - a cursed +0 ring mail
 B - a +1 pair of gloves (worn)
 E - a +0 helmet (worn)
 L - the +0 pair of boots "Memas" (worn) {rC- MR+ Int+4}
   (You found it on level 2 of the Lair of Beasts)

   It affects your intelligence (+4).
   It makes you vulnerable to cold.
   It affects your resistance to hostile enchantments.
 V - a +3 scale mail of fire resistance (worn)
Jewellery
 c - an amulet of guardian spirit (around neck)
 l - an uncursed ring of stealth
 p - a +3 ring of evasion
 q - an uncursed ring of fire
 y - a +4 ring of strength (right hand)
 A - an uncursed ring of protection from magic
 H - a +2 ring of protection (left hand)
Wands
 g - a wand of random effects (25)
 n - a wand of paralysis (12)
 o - a wand of acid (4)
 u - a wand of iceblast (5)
 I - a wand of digging (4)
 J - a wand of polymorph (12)
 Q - a wand of scattershot (3)
 W - a wand of enslavement (14)
Scrolls
 m - 3 scrolls of enchant armour
 G - 5 scrolls of remove curse
 K - a scroll of fog
 O - 2 scrolls of amnesia
 P - 2 scrolls of teleportation
 Y - a scroll of magic mapping
Potions
 f - 2 potions of flight
 j - 8 potions of brilliance
 S - a potion of resistance
Books
 r - a manual of Shields
Comestibles
 k - 44 rations


   Skills:
 + Level 9.7 Fighting
 * Level 10.9 Short Blades
 * Level 10.8 Armour
 * Level 10.8 Dodging
 - Level 7.8 Stealth
 + Level 4.5 Shields
 - Level 3.2 Unarmed Combat


You had 12 spell levels left.
You didn't know any spells.
Your spell library was empty.

Dungeon Overview and Level Annotations

Branches:
Dungeon (9/15)             Temple (1/1) D:6            Lair (6/6) D:8
  Swamp (0/4) Lair:4        Snake (0/4) Lair:3        Slime (0/5) Lair:5
    Orc: D:9-12

Altars:
Ashenzari
Cheibriados
Dithmenos
Elyvilon
Fedhas
Gozag
Hepliaklqana
Kikubaaqudgha
Makhleb
Nemelex Xobeh
Okawaru
Qazlal
Ru
Sif Muna
Trog
Uskayaw
Vehumet
Wu Jian
Xom
Yredelemnul
Zin
The Shining One
Jiyva

Shops:
D:5 ?

Annotations:
Lair:5 1 runed translucent door


Innate Abilities, Weirdness & Mutations

Your body is rotting away.
You thrive on raw meat.
You are immune to poison.
You have sharp fingernails.
You are carnivorous and can eat meat at any time.
Your flesh is cold resistant. (rC+)
You are immune to negative energy. (rN+++)
You do not regenerate when monsters are visible.
You are immune to unholy pain and torment.
You can survive without breathing.


Message History

Your lindwurm breathes flames at the tyrant leech.
The blast of flame hits the blink frog!!
The blink frog dies!
The blast of flame hits the tyrant leech!
The tyrant leech bites your komodo dragon!
Your komodo dragon dies!
Your komodo dragon's corpse dissolves into shadows!
The spiny frog stings your lindwurm!
Your lindwurm bites the spiny frog!
The spiny frog dies!
You hit the tyrant leech.
The tyrant leech is lightly wounded.
You hit the tyrant leech.
The tyrant leech is lightly wounded.
Your lindwurm barely misses the tyrant leech.
Your lindwurm closely misses the tyrant leech.
Your lindwurm claws the tyrant leech!
You hit the tyrant leech.
The tyrant leech is moderately wounded.
The tyrant leech bites you!!
You die...

≈ ,...............#
,≈..............#
≈...............##*
................#
≈≈..............## ≈
≈...............# ≈
≈...............#
≈≈.≈......÷†...##
≈≈.........wk@..##
P≈.......†.÷w....# ,
*≈≈≈........÷÷..###
≈**≈≈≈P...........#
#≈P............#*
≈≈≈≈.≈..........P#
*≈ ≈≈≈.[.....†....##
≈P≈≈≈#..........#*
≈≈≈≈≈..#..........P#


You could see 2 tyrant leeches and a friendly lindwurm.

Vanquished Creatures
  A minotaur (Gauntlet)
  A hydra (Lair:2)
  A two-headed ogre (D:8)
  3 death yaks (Lair:5)
  A sixfirhy (Gauntlet)
  2 oklob plants (Lair:4)
  6 elephants (Lair:3)
  2 black mambas
  10 spiny frogs
  A torpor snail (Lair:5)
  2 rime drakes
  An ice devil (Gauntlet)
  8 komodo dragons
  A queen bee (Lair:3)
  16 blink frogs
  A slime creature (D:7)
  5 hippogriffs
  6 dream sheep
  A wraith (D:8)
  11 yaks
  A spriggan (D:7)
  The ghost of Terandir the Shield-Bearer, an amateur MiFi (D:3)
  A steam dragon (D:6)
  3 vampire mosquitoes (Lair:6)
  7 nagas (Lair:3)
  6 water moccasins
  2 porcupines
  Purgy (D:3)
  An ice beast (D:5)
  An orc warrior (D:7)
  2 phantoms (D:4)
  A sky beast (D:8)
  3 centaurs
  7 ogres
  3 wolves (Lair:1)
  12 crocodiles
  4 big kobolds
  21 bullfrogs
  A scorpion (D:6)
  35 killer bees
  A killer bee (shapeshifter) (Gauntlet)
  9 wights
  2 electric eels (Lair:4)
  2 howler monkeys
  A crimson imp (D:9)
  A centaur zombie (D:5)
  2 bullfrog zombies
  3 hounds
  9 jellies
  Crazy Yiuf (D:7)
  3 orc priests
  4 bullfrog skeletons
  Jessica (D:3)
  A centaur skeleton (D:5)
  2 iguanas
  Natasha (thrice) (D:3)
  4 orc wizards
  4 worker ants
  A killer bee zombie (D:5)
  3 hound zombies
  2 hound skeletons
  3 gnolls (D:7)
  9 adders
  A white imp (Gauntlet)
  2 oozes (D:7)
  2 adder skeletons
  A worm (D:4)
  2 dart slugs (D:1)
  4 leopard geckos
  22 orcs
  7 giant cockroaches
  9 goblins
  8 hobgoblins
  14 jackals
  15 kobolds
  4 quokkas
  3 ball pythons
  8 bats
  6 frilled lizards
  A jackal zombie (D:5)
  2 leopard gecko skeletons
  A quokka skeleton (D:5)
  A quokka zombie (D:6)
  2 rats
  2 plants (Lair:4)
381 creatures vanquished.

Vanquished Creatures (collateral kills)
  A hydra (Lair:6)
  A spiny frog (Lair:6)
  3 blink frogs (Lair:6)
  A crocodile (Lair:6)
6 creatures vanquished.

Vanquished Creatures (others)
  A wight (D:6)
  25 fungi
  46 plants
  7 toadstools (D:7)
79 creatures vanquished.

Grand Total: 466 creatures vanquished

Notes
Turn   | Place    | Note
-------+----------+-------------------------------------------
     0 | D:1      | Borgoz the Ghoul Monk began the quest for the Orb.
     0 | D:1      | Reached XP level 1. HP: 19/19 MP: 0/0
   197 | D:1      | Reached XP level 2. HP: 18/26 MP: 1/1
   795 | D:2      | Reached skill level 1 in Short Blades
   795 | D:2      | Reached skill level 1 in Armour
   860 | D:2      | Reached XP level 3. HP: 24/30 MP: 2/2
  1129 | D:2      | Found a faded altar of an unknown god.
  1227 | D:2      | Found a white marble altar of Elyvilon.
  1246 | D:2      | Reached XP level 4. HP: 39/39 MP: 3/3
  1554 | D:3      | Found a runed translucent gate.
  1554 | D:3      | Found a runed translucent gate.
  1554 | D:3      | Found an opulent altar of Gozag.
  1554 | D:3      | Found a runed translucent gate.
  1591 | D:3      | Noticed Natasha
  1621 | D:3      | Killed Natasha
  1709 | D:3      | Reached XP level 5. HP: 45/46 MP: 4/4
  1745 | D:3      | Noticed Natasha
  1756 | D:3      | Killed Natasha
  1777 | D:3      | Noticed Purgy
  1796 | D:3      | Noticed Terandir's ghost (amateur MiFi)
  1854 | D:3      | Noticed Jessica
  1862 | D:3      | Killed Jessica
  1863 | D:3      | Noticed Natasha
  1900 | D:3      | Killed Natasha
  1945 | D:4      | Reached XP level 6. HP: 17/52 MP: 5/5
  1969 | D:3      | Found a glowing golden altar of the Shining One.
  1976 | D:3      | Found a transporter.
  1987 | D:3      | Found a transporter.
  2094 | D:3      | HP: 1/52 [Purgy (3)]
  2530 | D:4      | Noticed a phantom
  2582 | D:4      | Killed a phantom
  2582 | D:4      | Reached XP level 7. HP: 48/60 MP: 4/6
  3335 | D:3      | Killed Purgy
  3534 | D:5      | Entered Level 5 of the Dungeon
  3538 | D:4      | Reached skill level 5 in Dodging
  3583 | D:5      | Reached XP level 8. HP: 50/67 MP: 7/7
  3834 | D:5      | Found Ynyedu's Magic Scroll Shoppe.
  3879 | D:5      | Reached skill level 5 in Fighting
  4451 | D:6      | Reached skill level 5 in Short Blades
  4457 | D:6      | Found a staircase to the Ecumenical Temple.
  4576 | Temple   | Entered the Ecumenical Temple
  4610 | Temple   | Became a worshipper of Ashenzari the Shackled
  4610 | Temple   | Reached * piety under Ashenzari
  4610 | Temple   | Reached ** piety under Ashenzari
  4911 | D:6      | Reached skill level 5 in Armour
  4975 | D:6      | Reached XP level 9. HP: 62/74 MP: 8/8
  6474 | D:7      | Found a runed translucent door.
  6475 | D:7      | Noticed Crazy Yiuf
  6484 | D:7      | Killed Crazy Yiuf
  7060 | D:7      | Reached XP level 10. HP: 35/84 MP: 4/9
  7801 | D:8      | Noticed a two-headed ogre
  7807 | D:8      | Killed a two-headed ogre
  8307 | D:8      | Found a staircase to the Lair.
  8921 | D:9      | Noticed a two-headed ogre
  8935 | D:9      | HP: 2/86 [two-headed ogre/+0 giant spiked club (12)]
  9504 | D:3      | Killed Terandir's ghost
  9658 | Lair:1   | Entered Level 1 of the Lair of Beasts
  9671 | Lair:1   | Noticed a spiny frog
  9680 | Lair:1   | Killed a spiny frog
  9680 | Lair:1   | Reached skill level 5 in Stealth
  9741 | Lair:1   | Noticed a black mamba
  9766 | Lair:1   | Killed a black mamba
  9954 | Lair:1   | Reached XP level 11. HP: 92/92 MP: 10/10
 10070 | Lair:1   | Reached *** piety under Ashenzari
 10741 | Lair:2   | Got the uncursed pair of boots "Memas" {rC- MR+ Int+4}
 10747 | Lair:2   | Identified the +0 pair of boots "Memas" {rC- MR+ Int+4}
                  | (You found it on level 2 of the Lair of Beasts)
 10859 | Lair:2   | Noticed a seven-headed hydra
 10873 | Lair:2   | Killed a seven-headed hydra
 12546 | Lair:3   | HP: 2/94 [killer bee (3)]
 12651 | Lair:3   | Reached XP level 12. HP: 74/102 MP: 7/11
 12864 | Lair:3   | Found a staircase to the Snake Pit.
 14473 | Lair:4   | Found a staircase to the Swamp.
 14588 | Lair:4   | Reached **** piety under Ashenzari
 14623 | Lair:4   | Reached skill level 1 in Shields
 14989 | Lair:4   | Reached skill level 10 in Short Blades
 14989 | Lair:4   | Reached skill level 10 in Dodging
 15591 | Lair:5   | Found a gate leading to a gauntlet.
 15605 | Lair:5   | Reached skill level 10 in Armour
 15621 | Gauntlet | Entered a Gauntlet
 15621 | Gauntlet | Found a transporter.
 15621 | Gauntlet | Found a transporter.
 15624 | Gauntlet | Noticed a soul eater
 15625 | Gauntlet | Found a transporter.
 15627 | Gauntlet | Found a transporter.
 15627 | Gauntlet | Found a large runed translucent door.
 15628 | Gauntlet | Found a large runed translucent door.
 15629 | Gauntlet | Found a large runed translucent door.
 15629 | Gauntlet | Found a large runed translucent door.
 15629 | Gauntlet | Found a runed translucent door.
 15630 | Gauntlet | Found a large runed translucent door.
 15631 | Gauntlet | Found a large runed translucent door.
 15632 | Gauntlet | Found a large runed translucent door.
 15632 | Gauntlet | Found a large runed translucent door.
 15633 | Gauntlet | Found a runed translucent gate.
 15639 | Gauntlet | Found a transporter.
 15639 | Gauntlet | Found a transporter.
 15649 | Gauntlet | Found a transporter.
 15740 | Gauntlet | Found a transporter.
 15741 | Gauntlet | Found a transporter.
 15742 | Gauntlet | Found a large runed translucent door.
 15743 | Gauntlet | Found a large runed translucent door.
 15744 | Gauntlet | Found a large runed translucent door.
 15744 | Gauntlet | Found a large runed translucent door.
 15744 | Gauntlet | Found a runed translucent door.
 15745 | Gauntlet | Found a large runed translucent door.
 15746 | Gauntlet | Found a large runed translucent door.
 15747 | Gauntlet | Found a large runed translucent door.
 15747 | Gauntlet | Found a large runed translucent door.
 15748 | Gauntlet | Found a runed translucent gate.
 15748 | Gauntlet | Found a runed translucent gate.
 15750 | Gauntlet | Found a transporter.
 15754 | Gauntlet | Found a transporter.
 15766 | Gauntlet | Found a transporter.
 15784 | Gauntlet | Noticed a blizzard demon
 16502 | Gauntlet | Noticed a minotaur
 16522 | Gauntlet | Killed a minotaur
 16522 | Gauntlet | Reached XP level 13. HP: 107/107 MP: 12/12
 16884 | Lair:5   | Found a runed translucent door.
 16885 | Lair:5   | Found a viscous altar of Jiyva.
 17150 | Lair:5   | Found a staircase to the Slime Pits.
 17303 | Lair:6   | Entered Level 6 of the Lair of Beasts
 18771 | Lair:6   | Mangled by a tyrant leech

Skill      XL: |  1  2  3  4  5  6  7  8  9 10 11 12 13 |
---------------+----------------------------------------+-----
Dodging        | 3 4 5 6 7 8 9 10 | 10.8
Short Blades   | 1 2 3 4 5 6 7 9 10 | 10.9
Armour         | 1 2 3 5 6 7 9 10 | 10.8
Fighting       | 4 5 6 7 8 9 |  9.7
Stealth        | 3 5 6 7 |  7.8
Shields        | 2 4 |  4.5
Unarmed Combat | |  3.2

Action                   |  1- 3 |  4- 6 |  7- 9 | 10-12 | 13-15 || total
-------------------------+-------+-------+-------+-------+-------++-------
Melee: Unarmed           |   128 |   134 |       |       |       ||   262
       Punch             |       |     2 |     6 |    20 |     4 ||    32
       Rapier            |       |   103 |   370 |       |       ||   473
       Short sword       |       |       |   268 |       |       ||   268
       Dagger            |       |       |    59 |  1261 |   365 ||  1685
Throw: Javelin           |       |       |    11 |       |       ||    11
       Throwing net      |       |       |       |     1 |       ||     1
Invok: Curse Item        |       |       |     1 |       |       ||     1
Evoke: Wand              |       |     3 |     2 |     5 |       ||    10
  Use: Potion            |       |     5 |       |     6 |     1 ||    12
       Scroll            |       |     7 |     4 |    13 |     7 ||    31
 Stab: Sleeping          |       |     1 |    11 |     9 |     1 ||    22
       Paralysed         |       |       |     1 |     1 |       ||     2
       Distracted        |       |       |       |     1 |       ||     1
       Held in net/web   |       |       |       |     2 |       ||     2
  Eat: Chunk             |     8 |    36 |    26 |    86 |    49 ||   205
       Ration            |       |       |       |     1 |       ||     1
Armor: Ring mail         |    57 |    89 |   144 |   296 |       ||   586
       Robe              |     3 |       |       |       |       ||     3
       Scale mail        |       |       |       |       |   136 ||   136
Dodge: Dodged            |   105 |   169 |   374 |   983 |   250 ||  1881
